 Dungeon Crawl Stone Soup version 0.30-a0-852-g08b95dd62f (webtiles) character file.

Game seed: 15819388659801823796

23816 Pooter the Severer (level 12, 59/97 HPs)
             Began as a Minotaur Berserker on Mar 4, 2023.
             Was an Elder of Trog.
             Quit the game on level 2 of the Abyss.
             The game lasted 01:16:36 (15297 turns).

Pooter the Severer (Minotaur Berserker)            Turns: 15297, Time: 01:16:37

Health: 59/97      AC: 20    Str: 25    XL:     12   Next: 75%
Magic:  11/11      EV: 22    Int:  4    God:    Trog [****..]
Gold:   730        SH:  0    Dex: 18    Spells: 11/11 levels left

rFire   . . .      SeeInvis .    a - +5 dire flail (drain)
rCold   . . .      Faith    .    (shield currently unavailable)
rNeg    . . .      Spirit   .    d - +3 plate armour
rPois   .          Reflect  .    x - +2 hat
rElec   .          Rampage  .    (no cloak)
rCorr   .          Clarity  +    L - +2 pair of gloves
Will    .....                    h - +0 pair of boots Stlth
                                 B - amulet of the acrobat
HPRegen 0.36/turn                q - +6 ring of dexterity
MPRegen 0.12/turn                (no ring)

@: acrobatic
A: horns 2, retaliatory headbutt, clarity
a: Renounce Religion, Berserk, Trog's Hand, Brothers in Arms


You were on level 2 of the Abyss.
You worshipped Trog.
Trog was greatly pleased with you.
You visited 2 branches of the dungeon, and saw 13 of its levels.
You visited the Abyss 1 time.
You also visited: Ice Cave.

You collected 790 gold pieces.
You spent 60 gold pieces at shops.

Inventory:

Hand Weapons
 a - a +5 dire flail of draining (weapon)
   (You took it off Blork the orc on level 4 of the Dungeon)
 b - the +6 arbalest "Damnation" {damnation}
   (You found it on level 6 of the Dungeon)
 c - the +10 scimitar of the Morning {venom, Str+5}
   (You found it on level 1 of the Lair of Beasts)

   Str:       It affects your strength (+5).
 m - a +0 war axe
   (You took it off a gnoll sergeant on level 5 of the Dungeon)
 s - a +1 hand axe of flaming
   (You found it on level 2 of the Dungeon)
 u - a +0 trident
   (You found it on level 4 of the Dungeon)
Missiles
 i - 7 javelins
 k - 9 boomerangs (quivered)
 F - 2 throwing nets {!f}
 J - a curare-tipped dart
 M - 5 poisoned darts
 Q - 109 stones
Armour
 d - a +3 plate armour (worn)
   (You took it off an orc warrior on level 8 of the Dungeon)
 h - a +0 pair of boots (worn)
   (You found it on level 1 of the Dungeon)
 x - a +2 hat (worn)
   (You took it off Gastronok on level 9 of the Dungeon)
 L - a +2 pair of gloves (worn)
   (You found it on level 11 of the Dungeon)
Jewellery
 l - a +6 ring of intelligence
   (You found it on level 3 of the Dungeon)
 q - a +6 ring of dexterity (left hand)
   (You found it on level 4 of the Dungeon)
 B - an amulet of the acrobat (around neck)
   (You found it on level 6 of the Dungeon)
Wands
 e - a wand of charming (15)
   (You found it on level 2 of the Dungeon)
 f - a wand of flame (10)
   (You took it off Ijyb on level 5 of the Dungeon)
 y - a wand of quicksilver (10)
   (You found it on level 5 of the Dungeon)
 G - a wand of roots (1)
   (You found it on level 7 of the Dungeon)
Scrolls
 j - a scroll of vulnerability {!r}
 p - 2 scrolls of summoning
 t - 8 scrolls of teleportation {@r4}
 v - 2 scrolls of noise {!r}
 z - 2 scrolls of blinking
 D - a scroll of immolation {!r}
 K - 2 scrolls of magic mapping
Potions
 g - 5 potions of mutation {!q}
 n - a potion of ambrosia
 r - a potion of lignification {!q}
 w - a potion of degeneration {unknown}
 A - 9 potions of curing {@q1}
 C - 3 potions of attraction {!q}
 E - 3 potions of flight
 H - 3 potions of heal wounds {@q2}


   Skills:
 - Level 6.5 Fighting
 * Level 17.9 Axes
 * Level 14.7 Ranged Weapons
 - Level 2.4 Armour
 - Level 2.1 Dodging
 - Level 3.8 Stealth
 - Level 3.6 Evocations


You had 11 spell levels left.
You didn't know any spells.
Your spell library was empty.

Dungeon Overview and Level Annotations

Branches:
Dungeon (11/15)            Temple (0/1) D:6            Lair (2/5) D:11
  Snake (0/4) Lair:2        IceCv (visited)
  Swamp: Lair:2-3    Shoals: Lair:2-3       Orc: D:9-12

Altars:
Cheibriados
Dithmenos
Elyvilon
Fedhas
Gozag
Kikubaaqudgha
Makhleb
Sif Muna
Wu Jian
Xom
The Shining One

Shops:
D:10 *

Annotations:
D:5 1 runed translucent door, Crazy Yiuf
D:8 3 runed translucent doors, retardedninja's ghost, novice GnFi
D:11 exclusion: obsidian statue
Lair:2 Sonja


Innate Abilities, Weirdness & Mutations

You have a pair of horns on your head.
You reflexively headbutt those who attack you in melee.
You possess an exceptional clarity of mind.


Message History

Roots grab Sonja.
The grasping roots constrict Sonja!
You feel sick. Sonja hits you but does no damage. Space warps around you.
Sonja hits you but does no damage. Sonja closely misses you.
Sonja casts a spell.
Sonja struggles to blink free from constriction.
You sense an unholy aura.
a - a +5 dire flail of draining (weapon)
The grasping roots constrict Sonja.
You feel sick.
The roots release their grip on Sonja.
Sonja zaps a wand.
Your mind is blasted!
The now-empty wand crumbles to dust.
You miss Sonja.
You feel sick.
You are no longer poisoned.
Sonja mumbles some strange words.
Sonja blinks!
You start resting.
Sonja casts a spell.
Sonja blinks!
b - the +6 arbalest "Damnation" (weapon)
{damnation} Sonja throws a curare-tipped dart.
The curare-tipped dart hits you.
You are poisoned.
You have difficulty breathing.
You feel as though you will be slow longer.
You shoot a damnation bolt.
The damnation bolt completely misses Sonja.
You feel very sick.
Sonja plants her feet in a plie.
You are too injured to fight recklessly!
Unknown command.
Fire: b) +6 arbalest "Damnation" {damnation}
Aim: Sonja, wielding a +0 dagger of distortion and quivering curare-tipped darts (heavily wounded, 37% to hit)
You shoot a damnation bolt.
The damnation bolt closely misses Sonja.
You feel sick.
You are no longer poisoned.
Sonja throws a curare-tipped dart.
The curare-tipped dart barely misses you.
You sense an unholy aura.
a - a +5 dire flail of draining (weapon)
Sonja hits you with a +0 dagger of distortion.
Sonja hits you but does no damage.
You are cast into the Abyss!
To return, you must find a gate leading back.
Killing monsters will force the Abyss to allow you passage.
This branch contains the abyssal rune of Zot.
Unknown command.
You feel yourself speed up.
Unknown command.
Unknown command.

#. #### #... ...#
#...# ...
#....###.## #
#....#...##
#.###........#
......#....@.#
............#
#.......Y..## ##
########......#
................##
............#...#
...............##
............#.##
..............#


You could see an ice beast.

Vanquished Creatures
  Gastronok (D:9)
  A catoblepas (Lair:1)
  2 two-headed ogres (D:11)
  5 death yaks (Lair:1)
  Urug (Lair:1)
  Nergalle (D:11)
  4 ugly things (D:8)
  2 black mambas (Lair:1)
  5 elephants (Lair:2)
  2 cane toads (Lair:1)
  3 komodo dragons
  An unseen horror (D:11)
  An ice devil (IceCv)
  2 trolls
  A hornet (D:9)
  Prince Ribbit (Lair:2)
  A blink frog (Lair:2)
  Sigmund (D:3)
  A shadow (D:9)
  2 wyverns
  22 yaks
  A steam dragon (D:9)
  Grum (D:9)
  2 nagas (Lair:2)
  2 wargs
  6 water moccasins
  Duvessa (D:4)
  7 orc warriors
  An ice beast (D:5)
  An ogre (D:5)
  12 wolves
  5 centaurs
  A phantom (D:6)
  A kobold brigand (D:9)
  5 bullfrogs
  Blork the orc (D:4)
  4 gnoll sergeants
  2 scorpions (D:6)
  3 wights (D:7)
  Dowan (D:4)
  A jelly (D:6)
  9 killer bees
  2 electric eels (D:9)
  A howler monkey (D:9)
  2 hounds
  A gnoll bouda (D:5)
  12 orc priests
  Ijyb (D:5)
  Natasha (D:4)
  3 iguanas
  12 orc wizards
  A spriggan simulacrum (IceCv)
  A troll simulacrum (IceCv)
  4 adders
  13 gnolls
  A naga simulacrum (IceCv)
  A shadow imp (D:7)
  16 white imps
  2 dart slugs
  41 orcs
  6 ball pythons
  An endoplasm (D:1)
  5 giant cockroaches
  6 hobgoblins
  A jackal (D:4)
  4 quokkas
  9 bats
  5 frilled lizards
  2 goblins
  7 kobolds
  4 rats
292 creatures vanquished.

Vanquished Creatures (others)
  5 fungi
  7 plants
12 creatures vanquished.

Grand Total: 304 creatures vanquished

Notes
Turn   | Place    | Note
-------+----------+-------------------------------------------
     0 | D:1      | Pooter the Minotaur Berserker began the quest for the Orb.
     0 | D:1      | Reached XP level 1. HP: 19/19 MP: 0/0
    79 | D:1      | Reached skill level 4 in Axes
    97 | D:1      | Reached XP level 2. HP: 27/27 MP: 1/1
   529 | D:1      | Reached skill level 1 in Stealth
   670 | D:2      | Reached ** piety under Trog
   671 | D:2      | Reached XP level 3. HP: 33/33 MP: 2/2
  1231 | D:3      | Found an ornate altar of the Wu Jian Council.
  1336 | D:3      | Identified the +1 robe of the Six Moons {Dex+5}
  1376 | D:3      | Noticed Sigmund
  1381 | D:3      | Killed Sigmund
  1382 | D:3      | Reached skill level 5 in Axes
  1382 | D:3      | Reached skill level 1 in Evocations
  1382 | D:3      | Reached XP level 4. HP: 41/41 MP: 3/3
  1382 | D:3      | Reached XP level 5. HP: 47/47 MP: 4/4
  1956 | D:3      | Found a snail-covered altar of Cheibriados.
  2292 | D:4      | Found a white marble altar of Elyvilon.
  2314 | D:4      | Noticed Blork the orc
  2321 | D:4      | Killed Blork the orc
  2322 | D:4      | Reached skill level 5 in Fighting
  2322 | D:4      | Reached skill level 6 in Axes
  2322 | D:4      | Reached XP level 6. HP: 56/56 MP: 5/5
  2499 | D:4      | Noticed Dowan
  2500 | D:4      | Noticed Duvessa
  2504 | D:4      | Noticed Natasha
  2508 | D:4      | Killed Dowan
  2511 | D:4      | Killed Natasha
  2533 | D:4      | Killed Duvessa
  3106 | D:5      | Entered Level 5 of the Dungeon
  3126 | D:4      | Reached XP level 7. HP: 44/61 MP: 6/6
  3193 | D:5      | Reached skill level 7 in Axes
  3955 | D:5      | Reached skill level 8 in Axes
  3955 | D:5      | Reached XP level 8. HP: 63/70 MP: 7/7
  4213 | D:5      | Noticed Ijyb
  4227 | D:5      | Killed Ijyb
  4592 | D:5      | Found a runed translucent door.
  4593 | D:5      | Noticed Crazy Yiuf
  4701 | D:6      | Found the +6 arbalest "Damnation" {damnation}
  4835 | D:6      | Found a staircase to the Ecumenical Temple.
  4846 | D:6      | Reached skill level 1 in Ranged Weapons
  4953 | D:6      | Reached skill level 9 in Axes
  5657 | D:6      | Found a shimmering altar of Xom.
  5772 | D:7      | Reached *** piety under Trog
  6199 | D:7      | Found an opulent altar of Gozag.
  6203 | D:7      | Found a blossoming altar of Fedhas.
  6348 | D:7      | Found a glowing golden altar of the Shining One.
  6516 | D:7      | Reached skill level 10 in Axes
  6516 | D:7      | Reached XP level 9. HP: 78/78 MP: 8/8
  6789 | D:7      | Reached skill level 5 in Ranged Weapons
  7915 | D:8      | Reached skill level 11 in Axes
  8080 | D:8      | Found a burning altar of Makhleb.
  8120 | D:8      | Found a runed translucent gate.
  8121 | D:8      | Found a runed translucent gate.
  8121 | D:8      | Noticed a cyan ugly thing
  8121 | D:8      | Noticed a red ugly thing
  8123 | D:8      | Found a runed translucent gate.
  8123 | D:8      | Noticed a cyan ugly thing
  8124 | D:8      | Noticed a brown ugly thing
  8168 | D:8      | Found a shadowy altar of Dithmenos.
  8452 | D:8      | Found a shimmering blue altar of Sif Muna.
  8666 | D:8      | Killed a red ugly thing
  8672 | D:8      | Killed a cyan ugly thing
  8673 | D:8      | Reached skill level 12 in Axes
  8679 | D:8      | Killed a purple ugly thing
  8680 | D:8      | Reached XP level 10. HP: 84/84 MP: 9/9
  8686 | D:8      | Killed a white ugly thing
  8752 | D:8      | Found a runed translucent gate.
  8752 | D:8      | Found a runed translucent gate.
  8755 | D:8      | Found a runed translucent gate.
  8760 | D:8      | Noticed retardedninja's ghost (novice GnFi)
  8793 | D:9      | You fall into a shaft and drop 1 floor!
  8793 | D:10     | Entered Level 10 of the Dungeon
  9024 | D:10     | Reached **** piety under Trog
  9422 | D:10     | Reached skill level 13 in Axes
  9440 | D:10     | Found Jus Eguz's Assorted Antiques.
  9449 | D:10     | Bought a bubbling dark potion for 19 gold pieces
  9449 | D:10     | Bought a scroll labelled MOOHIM BOPNAFE for 22 gold pieces
  9449 | D:10     | Bought a purple potion for 19 gold pieces
  9478 | D:9      | Noticed Grum
  9481 | D:9      | Killed Grum
  9612 | D:9      | Reached skill level 10 in Ranged Weapons
  9646 | D:9      | Noticed Gastronok
  9654 | D:9      | Killed Gastronok
  9655 | D:9      | Reached skill level 14 in Axes
  9773 | D:9      | Reached XP level 11. HP: 91/91 MP: 10/10
 10018 | D:9      | Found an ancient bone altar of Kikubaaqudgha.
 10470 | D:9      | Gained mutation: You possess an exceptional clarity of
                  | mind. [potion of mutation]
 10631 | D:11     | Noticed a two-headed ogre
 10634 | D:11     | Killed a two-headed ogre
 10636 | D:11     | Noticed a two-headed ogre
 11087 | D:11     | Noticed an obsidian statue
 11198 | D:11     | Noticed Nergalle
 11206 | D:11     | Killed Nergalle
 11207 | D:11     | Reached skill level 15 in Axes
 11494 | D:11     | Killed a two-headed ogre
 12009 | D:11     | Found a staircase to the Lair.
 12494 | Lair:1   | Entered Level 1 of the Lair of Beasts
 13238 | Lair:1   | Reached skill level 16 in Axes
 13486 | Lair:1   | Found a white marble altar of Elyvilon.
 13618 | Lair:1   | Reached XP level 12. HP: 97/97 MP: 11/11
 13627 | Lair:1   | Noticed Urug
 13642 | Lair:1   | Killed Urug
 13826 | Lair:1   | Noticed a death yak
 13826 | Lair:1   | Noticed a death yak
 13827 | Lair:1   | Noticed a death yak
 13827 | Lair:1   | Noticed a death yak
 13829 | Lair:1   | Noticed a death yak
 13831 | Lair:1   | Noticed a catoblepas
 13833 | Lair:1   | Killed a death yak
 13843 | Lair:1   | Killed a death yak
 13855 | Lair:1   | Killed a death yak
 13862 | Lair:1   | Killed a death yak
 13884 | Lair:1   | Killed a catoblepas
 13885 | Lair:1   | Reached skill level 17 in Axes
 13886 | Lair:1   | Killed a death yak
 14230 | Lair:1   | Identified the +10 scimitar of the Morning {venom, Str+5}
 14681 | Lair:2   | Noticed Prince Ribbit
 14685 | Lair:2   | Killed Prince Ribbit
 14699 | Lair:2   | Found a staircase to the Snake Pit.
 15004 | Lair:2   | Found a frozen archway.
 15015 | IceCv    | Entered an ice cave
 15274 | Lair:2   | Noticed Sonja
 15284 | Abyss:2  | Cast into level 2 of the Abyss (Sonja)
 15297 | Abyss:2  | Quit the game

Illustrated notes

Levels and vault maps discovered:
D:1:      spicycebolla_arrival_clurvy, layout_rooms, bh_walls_and_bars
D:2:      layout_basic
D:3:      layout_rooms, mainiacjoe_overflow_cross_hatched, lemuel_tele_altar,
          serial_co_window_serial, co_window_paths_a, co_window_paths_a,
          co_window_corner_a, co_window_paths_a, co_window_paths_a,
          co_window_paths_a, co_window_of_opportunity_a, co_window_corner_b,
          co_window_paths_c, co_window_unsneaky_path_d, co_window_broadway_b,
          co_window_unsneaky_path_a, co_window_corner_b, glass_columns_c,
          glass_columns_c, glass_columns_b, minmay_misc_feat_iff, uniq_sigmund
D:4:      layout_basic, kennysheep_mini, nrook_mini_backslash, uniq_duvessa,
          uniq_blork_the_orc, uniq_natasha
D:5:      layout_cave_pods, serial_gnoll_camp, gnoll_camp_mini_sergeant,
          gnoll_camp_mini_basic, gnoll_camp_mini_hut, gnoll_camp_mini_hut,
          uniq_crazy_yiuf_cottage, uniq_ijyb
D:6:      layout_basic, marbit_many_paths, minmay_temple_entry_glass
D:7:      layout_basic, mainiacjoe_overflow_24_doors, grunt_temple_overflow_open
D:8:      layout_basic, tgw_sif, grunt_dithmenos_smoke, kennysheep_little_box,
          ploomutoo_gammafunk_ghost_potion_laboratory
D:9:      layout_rooms, mainiacjoe_overflow_catwalk, minmay_crystal_water,
          uniq_gastronok, uniq_grum
D:10:     layout_rooms, serial_shops, nicolae_stop_n_shop_2
D:11:     layout_basic, erik_lair_orcish_takeover, minmay_statue_bubble,
          uniq_nergalle
Lair:1:   layout_cave_pods, basic_altar, grunt_megastairs_1, uniq_urug
Lair:2:   nzn_winding_woodlands_small
          [nzn_winding_woodlands_5x15_river_crossing,
          nzn_winding_woodlands_center_pierced_h,
          nzn_winding_woodlands_5x15_longhouse], layout_hall_layers,
          minmay_shoals_entry_centaurs, minmay_snake_entry_guardpost_small,
          portal_ice_cave_entry_imps, serial_bayou_pond_e, uniq_sonja,
          uniq_prince_ribbit2
Abyss:2:  base:
Lair:1

Skill      XL: |  1  2  3  4  5  6  7  8  9 10 11 12 |
---------------+-------------------------------------+-----
Axes           | 4 5 6 8 10 12 14 16 17 | 17.9
Fighting       | 4 5 6 |  6.5
Stealth        | 1 2 3 |  3.8
Evocations     | 1 2 3 |  3.6
Ranged Weapons | 4 8 10 13 14 | 14.7
Armour         | |  2.4
Dodging        | |  2.1

Action                     |  1- 3 |  4- 6 |  7- 9 | 10-12 || total
---------------------------+-------+-------+-------+-------++-------
  Melee: Hand axe          |    72 |    18 |       |       ||    90
         Headbutt          |     7 |     5 |    25 |    39 ||    76
         Punch             |     1 |       |       |       ||     1
         Dire flail        |       |    26 |   128 |   177 ||   331
   Fire: Arbalest          |       |       |    57 |   139 ||   196
  Throw: Boomerang         |       |     7 |     2 |     1 ||    10
 Invoke: Berserk           |     2 |     2 |     5 |    15 ||    24
         Trog's Hand       |     1 |     1 |     3 |     8 ||    13
  Evoke: Wand              |       |     1 |       |    12 ||    13
    Use: Scroll            |     2 |     2 |    14 |    18 ||    36
         Potion            |       |       |       |     5 ||     5
   Stab: Sleeping          |     3 |     5 |       |       ||     8
         Distracted        |       |     1 |       |       ||     1
         Betrayed ally     |       |     1 |       |       ||     1
 Armour: Animal skin       |    11 |       |       |       ||    11
         Robe              |     1 |     6 |       |       ||     7
         Scale mail        |       |    11 |     5 |       ||    16
         Chain mail        |       |       |    51 |       ||    51
         Plate armour      |       |       |    10 |   157 ||   167
  Dodge: Dodged            |    62 |    28 |    56 |    81 ||   227

Table legend: (Time is in decaauts)
 A = Elapsed time spent in this place.
 B = Non-inter-level travel time spent in this place.
 C = Inter-level travel time spent in this place.
 D = Time resting spent in this place.
 E = Time spent auto-exploring this place.
 F = Levels seen in this place.
 G = Mean time per level.
                   A        B        C        D        E       F      G
               +--------+--------+--------+--------+--------+-----+--------+
         Total |  15628 |  15243 |    385 |   5807 |   6912 |  15 | 1041.9 |
       Dungeon |  12800 |  12462 |    338 |   4551 |   5815 |  11 | 1163.6 |
          Lair |   2750 |   2703 |     47 |   1240 |   1092 |   2 | 1375.0 |
         Abyss |     18 |     18 |      0 |      0 |      0 |   1 |   18.0 |
      Ice Cave |     59 |     59 |      0 |     16 |      4 |   1 |   59.0 |
               +--------+--------+--------+--------+--------+-----+--------+

Top non-repeatable levels by time:
  Lair:1: 2082 daAuts
     D:8: 1881 daAuts
    D:11: 1464 daAuts
     D:4: 1389 daAuts
     D:5: 1319 daAuts
    D:10: 1302 daAuts
     D:7: 1227 daAuts
     D:9: 1092 daAuts
     D:3: 965 daAuts
     D:6: 959 daAuts
  Lair:2: 668 daAuts
     D:1: 631 daAuts
     D:2: 566 daAuts
   IceCv: 59 daAuts
 Abyss:2: 18 daAuts
